 Dungeon Crawl Stone Soup version 0.30-a0-137-gd8773701ce (webtiles) character file.

Game seed: 11901170923547513429

99583 KennySheep the Unseen (level 15, -6/135 HPs)
             Began as a Naga Earth Elementalist on Sept 22, 2022.
             Was the Champion of Dithmenos.
             Mangled by a freezing wraith (18 damage)
             ... summoned by a boggart
             ... on level 15 of the Dungeon.
             The game lasted 02:42:56 (27797 turns).

KennySheep the Unseen (Naga Earth Elementalist)    Turns: 27797, Time: 02:42:57

Health: -6/135     AC: 27    Str: 13    XL:     15   Next: 87%
Magic:  23/23      EV: 11    Int: 21    God:    Dithmenos [******]
Gold:   928        SH:  4    Dex: 17    Spells: 7/25 levels left

rFire   + . .      SeeInvis +    C - +9 dagger
rCold   . . .      Faith    .    (no shield)
rNeg    + + .      Spirit   .    i - +0 acid dragon scales
rPois   +          Reflect  .    d - +1 hat {Int+3}
rElec   .          Harm     .    e - +1 cloak
rCorr   +          Rampage  .    s - +2 pair of gloves
Will    ++...                    g - +1 barding of the Hidden Allies {rF+ rN++ Stlth+} Stlth *****+++++
                                 c - amulet of magic regeneration
HPRegen 0.32/turn                b - ring of willpower
MPRegen 0.58/turn                o - ring of Aliutowk {rCorr Int+3 SInv}

@: slowed, wreathed by umbra, very slow
A: AC +5, large, see invisible, deformed body, poison resistance, slowness 2,
spit poison 1, naga tail 2, iridescent scales 2, large bone plates 1, sturdy
frame 1
}: 1/15 runes: abyssal
a: Spit Poison, Renounce Religion, Shadow Step, Shadow Form


You were on level 15 of the Dungeon.
You worshipped Dithmenos.
Dithmenos was exalted by your worship.
You visited 4 branches of the dungeon, and saw 23 of its levels.
You visited the Abyss 1 time.
You also visited: Ossuary.

You collected 2370 gold pieces.
You spent 1442 gold pieces at shops.

Inventory:

Hand Weapons
 B - a +0 rapier
 C - a +9 dagger (weapon)
Missiles
 w - 4 throwing nets
Armour
 d - a +1 hat of intelligence (worn)
 e - a +1 cloak (worn)
 g - the +1 barding of the Hidden Allies (worn) {rF+ rN++ Stlth+}
   (You acquired it on level 7 of the Dungeon)

   rF:        It protects you from fire.
   rN:        It greatly protects you from negative energy.
   Stlth:     It makes you more stealthy.
 i - +0 acid dragon scales (worn)
 s - a +2 pair of gloves (worn)
Jewellery
 b - a ring of willpower (left hand)
 c - an amulet of magic regeneration (around neck)
 k - a +4 ring of protection
 o - the ring of Aliutowk (right hand) {rCorr Int+3 SInv}
   (You found it on level 3 of the Dungeon)

   [ring of resist corrosion]

   Int:       It affects your intelligence (+3).
   SInv:      It lets you see invisible.
   rCorr:     It protects you from acid and corrosion.
 p - a ring of wizardry
 t - a +6 ring of intelligence
 D - a ring of wizardry
Wands
 m - a wand of roots (23)
 G - a wand of polymorph (8)
 H - a wand of digging (7)
 L - a wand of mindburst (20)
 N - a wand of charming (2)
 Q - a wand of flame (14)
Scrolls
 f - 2 scrolls of immolation
 h - a scroll of torment
 l - a scroll of vulnerability
 r - 10 scrolls of teleportation
 v - 2 scrolls of poison
 x - 2 scrolls of amnesia {unknown}
 y - 3 scrolls of identify
 A - 2 scrolls of fog
 F - a scroll of summoning
 J - a scroll of enchant armour
 M - a scroll of silence
 P - 2 scrolls of magic mapping
Potions
 a - 3 potions of lignification
 j - 4 potions of curing
 n - 2 potions of attraction
 q - 4 potions of mutation
 u - 4 potions of degeneration
 z - 3 potions of heal wounds
 E - a potion of cancellation
 I - a potion of resistance
 K - 5 potions of flight
 O - 3 potions of haste
 R - a potion of ambrosia


   Skills:
 - Level 9.1 Fighting
 - Level 11.2 Short Blades
 - Level 7.5 Armour
 - Level 7.8 Dodging
 - Level 17.9 Stealth
 + Level 5.8 Spellcasting
 - Level 5.0 Conjurations
 - Level 4.0 Translocations
 * Level 9.0 Transmutations
 * Level 10.6 Earth Magic
 - Level 7.0 Invocations


You had 7 spell levels left.
You knew the following spells:

 Your Spells              Type           Power      Damage    Failure   Level
a - Sandblast             Erth           100%       2d20      1%          1
b - Blink                 Tloc           46%        N/A       3%          2
c - Stone Arrow           Conj/Erth      76%        3d11      1%          3
d - Petrify               Tmut/Erth      47%        N/A       1%          4
e - Statue Form           Tmut/Erth      31%        N/A       30%         6
z - Passwall              Tmut/Erth      39%        N/A       1%          2

Your spell library contained the following spells:

 Spells                   Type           Power      Damage    Failure   Level
 Sting                    Tmut/Pois      100%       1d8       1%          1
 Lee's Rapid Deconstruct  Erth           25%        3d15*     3%          5
 Shock                    Conj/Air       64%        1d7       4%          1
 Static Discharge         Conj/Air       32%        2-4/arc   6%          2
 Gell's Gravitas          Tloc           23%        N/A       6%          3
 Lesser Beckoning         Tloc           23%        N/A       6%          3
 Teleport Other           Tloc           23%        N/A       6%          3
 Ignite Poison            Fire/Tmut/Pois 18%        N/A       10%         3
 Dazzling Flash           Conj/Hex       32%        N/A       12%         3
 Leda's Liquefaction      Hex/Erth       14%        N/A       12%         4
 Poisonous Vapours        Pois/Air       12%        N/A       17%         2
 Mephitic Cloud           Conj/Pois/Air  13%        N/A       17%         3
 Iskenderun's Mystic Bla  Conj/Tloc      25%        2d7       17%         4
 Kindle Blastsparks       Fire/Tloc/Air  22%        2d11      19%         3
 Manifold Assault         Tloc           23%        N/A       22%         4
 Swiftness                Air            6%         N/A       32%         3
 Fulminant Prism          Conj/Hex       8%         3d7       36%         4
 Sticky Flame             Conj/Fire      16%        2d4       36%         4
 Airstrike                Air            3%         2d(1-17)  73%         4
 Dispel Undead            Necr           6%         3d8       73%         4
 Olgreb's Toxic Radiance  Pois           6%         N/A       73%         4
 Summon Lightning Spire   Summ/Air       6%         N/A       73%         4
 Lightning Bolt           Conj/Air       8%         1d20      73%         5
 Freezing Cloud           Conj/Ice/Air   6%         6-21      83%         5
 Starburst                Conj/Fire      8%         6d4       99%         6
 Simulacrum               Ice/Necr       3%         N/A       100%        6
 Storm Form               Tmut/Air       12%        N/A       100%        7
 Maxwell's Capacitive Co  Air            3%         ∞         100%        8
 Polar Vortex             Ice            3%         N/A       100%        9


Dungeon Overview and Level Annotations

Branches:
Dungeon (15/15)            Temple (0/1) D:6            Lair (5/5) D:9
 Shoals (0/4) Lair:3        Snake (1/4) Lair:3        Slime (0/5) Lair:5
    Orc (2/2) D:12            Elf (0/3) Orc:2        Vaults (0/5) D:13
 Depths (0/4) D:15        Ossuary (visited)

Altars:
Dithmenos
Fedhas
Gozag
Hepliaklqana
Kikubaaqudgha
Nemelex Xobeh
Vehumet
Wu Jian
Yredelemnul
Zin
The Shining One

Shops:
D:4 =   D:12 =   Orc:2 [:?=[

Annotations:
D:2 1 runed translucent door, Crazy Yiuf
Lair:2 exclusion: downstairs
Lair:3 Rupert
Snake:1 Nikola


Innate Abilities, Weirdness & Mutations

Your serpentine skin is tough. (AC +5)
You have supernaturally acute eyesight. (SInv)
Armour fits poorly on your strangely shaped body.
Your system is resistant to poisons. (rPois)
You cover ground very slowly.
You can spit poison.
You can use your snake-like lower body to constrict enemies.
You are mostly covered in iridescent scales. (AC +4)
You are partially covered in large bone plates. (SH +4)
Your movements are slightly less encumbered by armour. (ER -2)


Message History

This square is wreathed by an umbra.
This rock feels extremely deep.
The freezing wraith closely misses you.
The freezing wraith hits you but does no damage.
Unknown command.
The freezing wraith attacks as you move away!
The freezing wraith barely misses you. The freezing wraith closely misses you.
The freezing wraith hits you!
You emit a cloud of dark smoke.
The freezing wraith freezes you!
The freezing wraith hits you but does no damage.
Casting: Passwall (safe; 1% risk of failure)
Confirm with . or Enter, or press ? or * to list all spells.
Aiming: Passwall (safe; 1% risk of failure)
Press: ? - help, Dir - move target A rock wall.
This square is wreathed by an umbra.
The freezing wraith barely misses you. The freezing wraith hits you.
You block the freezing wraith's attack.
The freezing wraith hits you but does no damage.
You begin to meditate on the wall.
You continue meditating on the rock.
The boggart gestures wildly while chanting.
The boggart blinks!
The freezing wraith hits you but does no damage.
You block the freezing wraith's attack.
You continue meditating on the rock.
The freezing wraith hits you!
* * * LOW HITPOINT WARNING * * *
The freezing wraith freezes you!!
* * * LOW HITPOINT WARNING * * *
You emit a cloud of dark smoke.
The freezing wraith hits you but does no damage.
The freezing wraith barely misses you.
The freezing wraith hits you but does no damage.
You continue meditating on the rock.
The freezing wraith barely misses you.
The freezing wraith hits you but does no damage.
You continue meditating on the rock.
The freezing wraith hits you.
* * * LOW HITPOINT WARNING * * *
The freezing wraith freezes you!!
You die...

#.#.....##.##.##
#÷########.#### #.# ##...##
#### #####.######..#..# ...#
#####..........#..#..#
...####.....###.######..#..#
........##### #§§# #..#..#
...###### ##§# #..#..# ...#
#@# ##...## #### #W# ##>##
#D# ### #c#######
o.#######oc......
#.ocogc.T......?.
#########........ #........
#########


You could see an eight-headed hydra (summoned) and a freezing wraith (summoned).

Vanquished Creatures
  Gastronok (D:8)
  A tentacled starspawn (Abyss:3)
  Kirke (Lair:4)
  Snorg (Orc:1)
  The ghost of HilariousDeathArtist the Grappler, a journeyman TrHu of Makhleb (D:12)
  A fire dragon (D:15)
  Josephine (D:11)
  4 ogre magi
  5 hydras
  An ice dragon (D:15)
  Erolcha (Orc:2)
  2 catoblepae (D:14)
  3 centaur warriors
  An anaconda (Snake:1)
  7 two-headed ogres
  2 dancing weapons (D:13)
  3 boulder beetles
  2 tengu warriors (D:13)
  A naga warrior (Snake:1)
  A naga sharpshooter (Snake:1)
  3 thrashing horrors (Abyss:3)
  Amaemon (Lair:3)
  A death drake (shapeshifter) (D:14)
  A wretched star (Abyss:3)
  Lodul (D:11)
  3 orc knights
  6 orc sorcerers (Orc:2)
  2 deep elf pyromancers
  A manticore (D:13)
  11 ugly things
  3 cyclopes
  A mana viper (Snake:1)
  2 salamanders (Snake:1)
  6 black mambas
  8 elephants
  2 centaur zombies (D:15)
  Maurice (D:11)
  2 torpor snails
  8 cane toads
  Maggie (D:7)
  2 orange demons
  5 komodo dragons
  Psyche (D:11)
  5 rime drakes
  3 meliai (D:15)
  7 trolls
  5 polar bears
  13 slime creatures
  Prince Ribbit (D:5)
  Grinder (D:5)
  22 blink frogs
  4 shadows
  5 wraiths (D:11)
  A spriggan (Lair:4)
  An air elemental (Abyss:3)
  53 yaks
  2 hogs (Lair:4)
  A wyvern (D:9)
  10 vampire mosquitoes
  3 basilisks
  Grum (Lair:1)
  Menkaure (D:7)
  A warg (Orc:2)
  3 steam dragons
  Edmund (D:4)
  An acid dragon (D:10)
  2 nagas (Snake:1)
  Duvessa (D:5)
  22 water moccasins
  8 orc warriors
  3 sky beasts
  2 ice beasts (D:7)
  2 black bears
  14 ogres
  21 wolves
  2 boggarts (D:15)
  6 centaurs
  2 phantoms
  2 kobold brigands
  An elf zombie (Ossuary)
  11 bullfrogs
  2 scorpions
  2 necrophages (D:5)
  A gnoll sergeant (D:11)
  14 wights
  Dowan (D:5)
  6 killer bees
  4 howler monkeys
  3 human zombies (Ossuary)
  2 quasits (D:8)
  4 hounds
  2 jellies
  9 orc priests
  2 gnoll boudas
  3 iguanas
  6 hell rats
  26 orc wizards
  3 mummies
  19 gnolls
  6 adders
  5 shadow imps
  2 white imps
  4 ufetubi (D:8)
  3 adder zombies (Ossuary)
  3 worms (D:4)
  2 dart slugs
  54 orcs
  9 ball pythons
  4 bats
  6 endoplasms
  5 giant cockroaches
  7 hobgoblins
  15 kobolds
  6 quokkas
  3 frilled lizards
  18 goblins
  9 hobgoblin zombies (Ossuary)
  3 jackal zombies (Ossuary)
  8 kobold zombies (Ossuary)
  10 orc zombies (Ossuary)
  2 rats
649 creatures vanquished.

Vanquished Creatures (others)
  An orc wizard (Orc:2)
  6 demonic plants (D:8)
  35 fungi
  39 plants
  7 starspawn tentacles (Abyss:3)
  2 withered plants (D:12)
90 creatures vanquished.

Grand Total: 739 creatures vanquished

Notes
Turn   | Place    | Note
-------+----------+-------------------------------------------
     0 | D:1      | KennySheep the Naga Earth Elementalist began the quest for
                  | the Orb.
     0 | D:1      | Reached XP level 1. HP: 15/15 MP: 3/3
    87 | D:1      | Reached XP level 2. HP: 22/22 MP: 3/5
   331 | D:1      | Reached XP level 3. HP: 28/28 MP: 6/6
   406 | D:1      | Found a faded altar of an unknown god.
   488 | D:2      | Learned a level 2 spell: Passwall
   569 | D:2      | Found a sparkling altar of Nemelex Xobeh.
   648 | D:2      | Found a runed translucent door.
   649 | D:2      | Noticed Crazy Yiuf
  1202 | D:3      | Learned a level 3 spell: Stone Arrow
  1226 | D:3      | Reached XP level 4. HP: 36/36 MP: 7/7
  1404 | D:3      | Reached skill level 1 in Conjurations
  1481 | D:3      | Identified the ring of Aliutowk {rCorr Int+3 SInv}
  1619 | D:3      | Reached XP level 5. HP: 42/42 MP: 6/8
  1937 | D:4      | Noticed an ogre
  1966 | D:4      | Found an ornate altar of the Wu Jian Council.
  2000 | D:4      | Reached skill level 4 in Stealth
  2007 | D:4      | Found Raykhe Lacill's Jewellery Shop.
  2047 | D:4      | Reached XP level 6. HP: 30/49 MP: 5/10
  2752 | D:4      | Reached XP level 7. HP: 34/55 MP: 7/11
  2943 | D:4      | Noticed Edmund
  2992 | D:4      | Found a shadowy altar of Dithmenos.
  2995 | D:4      | Found a basalt altar of Yredelemnul.
  2998 | D:4      | Found a glowing silver altar of Zin.
  3001 | D:4      | Found a glowing golden altar of the Shining One.
  3007 | D:4      | Became a worshipper of Dithmenos the Shadowed
  3149 | D:5      | Entered Level 5 of the Dungeon
  3156 | D:5      | Reached skill level 5 in Stealth
  3218 | D:5      | Reached skill level 5 in Earth Magic
  3385 | D:5      | You fall into a shaft and drop 2 floors!
  3652 | D:7      | Reached skill level 1 in Short Blades
  3745 | D:7      | Noticed a steam dragon
  3764 | D:7      | Killed a steam dragon
  3765 | D:7      | Reached XP level 8. HP: 39/62 MP: 3/13
  4066 | D:7      | Noticed Maggie
  4239 | D:7      | Reached skill level 6 in Stealth
  4258 | D:7      | Noticed Menkaure
  4262 | D:7      | Killed Menkaure
  4804 | D:8      | Reached skill level 1 in Fighting
  4804 | D:8      | Reached skill level 7 in Stealth
  5090 | D:8      | Reached * piety under Dithmenos
  5091 | D:8      | Reached skill level 5 in Conjurations
  5091 | D:8      | Reached XP level 9. HP: 68/70 MP: 9/15
  5096 | D:8      | Learned a level 4 spell: Petrify
  5136 | D:8      | Found a hazy altar of Hepliaklqana.
  5141 | D:8      | Gained mutation: You are partially covered in large bone
                  | plates. (SH +4) [potion of mutation]
  5141 | D:8      | Gained mutation: Your movements are slightly less
                  | encumbered by armour. (ER -2) [potion of mutation]
  5141 | D:8      | Gained mutation: You are partially covered in iridescent
                  | scales. (AC +2) [potion of mutation]
  5141 | D:8      | Gained mutation: You are mostly covered in iridescent
                  | scales. (AC +4) [potion of mutation]
  5495 | D:8      | Noticed Gastronok
  5680 | D:7      | Identified a scroll of acquirement
  5682 | D:7      | Acquired the +1 barding of the Hidden Allies {rF+ rN++
                  | Stlth+}
  6060 | D:8      | Reached skill level 8 in Stealth
  6167 | D:8      | Reached skill level 1 in Armour
  6260 | D:8      | Found an opulent altar of Gozag.
  6764 | D:8      | Reached skill level 9 in Stealth
  7060 | D:8      | Reached skill level 5 in Short Blades
  7060 | D:8      | Reached XP level 10. HP: 61/84 MP: 5/16
  7244 | D:9      | Found a staircase to the Lair.
  7369 | D:9      | Reached skill level 10 in Stealth
  7632 | D:9      | Reached ** piety under Dithmenos
  7965 | D:10     | Entered Level 10 of the Dungeon
  8461 | D:10     | Reached skill level 11 in Stealth
  8869 | D:11     | Noticed a two-headed ogre
  8905 | D:11     | Noticed a green ugly thing
  8942 | D:11     | Noticed Psyche
  8950 | D:11     | Killed Psyche
  9004 | D:11     | Reached XP level 11. HP: 69/93 MP: 14/17
  9112 | D:11     | Noticed Josephine
  9220 | D:11     | Killed Josephine
  9221 | D:11     | Reached skill level 1 in Invocations
  9460 | D:11     | Noticed a cyclops
  9493 | D:11     | Noticed an ogre mage
  9493 | D:11     | Noticed a two-headed ogre
  9493 | D:11     | Noticed a two-headed ogre
  9493 | D:11     | Noticed a two-headed ogre
  9494 | D:11     | Noticed a two-headed ogre
  9494 | D:11     | Noticed a two-headed ogre
  9514 | D:10     | Killed an ogre mage
  9515 | D:10     | Reached skill level 5 in Fighting
  9606 | Lair:1   | Entered Level 1 of the Lair of Beasts
  9784 | Lair:1   | Noticed a boulder beetle
  9786 | Lair:1   | Killed a boulder beetle
  9787 | Lair:1   | Reached skill level 12 in Stealth
  9798 | Lair:1   | Noticed Grum
  9803 | Lair:1   | Killed Grum
  9881 | Lair:1   | Reached *** piety under Dithmenos
 10910 | Lair:2   | Reached XP level 12. HP: 62/104 MP: 4/18
 11126 | Lair:2   | Reached skill level 5 in Dodging
 11690 | Lair:2   | Reached skill level 13 in Stealth
 12652 | Lair:2   | Reached skill level 5 in Armour
 12999 | Lair:3   | Noticed Rupert
 13095 | D:8      | Killed Gastronok
 13180 | D:6      | Found a blossoming altar of Fedhas.
 13247 | D:6      | Found a staircase to the Ecumenical Temple.
 13260 | D:6      | Found a sand-covered staircase.
 13267 | Ossuary  | Entered an ossuary
 13308 | Ossuary  | Reached **** piety under Dithmenos
 14472 | D:5      | Noticed Duvessa
 14477 | D:5      | Noticed Dowan
 14479 | D:5      | Killed Duvessa
 14486 | D:5      | Noticed Prince Ribbit
 14489 | D:5      | Killed Dowan
 14495 | D:5      | Killed Prince Ribbit
 14496 | D:5      | Reached skill level 10 in Short Blades
 14509 | D:5      | Learned a level 2 spell: Blink
 14527 | D:5      | Identified the +1 robe of Understanding {Str+3 Dex+2}
 14671 | D:5      | Noticed Grinder
 14690 | D:5      | Killed Grinder
 14804 | D:5      | Found a sparkling altar of Nemelex Xobeh.
 14948 | D:5      | Reached skill level 5 in Invocations
 15424 | D:4      | Killed Edmund
 15776 | D:7      | Killed Maggie
 16173 | D:11     | Reached skill level 1 in Translocations
 16230 | D:11     | Noticed Lodul
 16317 | D:12     | Found a runed translucent door.
 16376 | D:12     | Found a staircase to the Orcish Mines.
 16386 | D:12     | Reached ***** piety under Dithmenos
 16553 | D:12     | Gained mutation: You can use your snake-like lower body to
                  | constrict enemies. [Naga growth]
 16553 | D:12     | Reached XP level 13. HP: 115/115 MP: 13/19
 16904 | D:12     | Reached skill level 14 in Stealth
 16949 | D:12     | Found Vabreof Reipt's Jewellery Shoppe.
 17512 | D:12     | Noticed HilariousDeathArtist's ghost (journeyman TrHu)
 17675 | Orc:1    | Entered Level 1 of the Orcish Mines
 17853 | Orc:1    | Noticed Snorg
 17862 | Orc:1    | Killed Snorg
 17998 | Orc:2    | Entered Level 2 of the Orcish Mines
 17998 | Orc:2    | Found a staircase to the Elven Halls.
 18158 | Orc:2    | Found Teati's Armour Boutique.
 18827 | Orc:2    | Found Keuc's Jewellery Shoppe.
 18902 | Orc:2    | Found a radiant altar of Vehumet.
 18902 | Orc:2    | Noticed Erolcha
 18921 | Abyss:2  | Cast into level 2 of the Abyss (Erolcha)
 18977 | Abyss:3  | Noticed a tentacled starspawn
 18985 | Abyss:3  | Killed a tentacled starspawn
 18996 | Abyss:3  | Noticed a starcursed mass
 18997 | Abyss:3  | Noticed a tentacled starspawn
 18997 | Abyss:3  | Noticed a starcursed mass
 18997 | Abyss:3  | Noticed a starcursed mass
 18999 | Abyss:3  | Got an abyssal rune of Zot
 19000 | Abyss:3  | Noticed a tentacled starspawn
 19001 | Abyss:3  | Paralysed by accursed screaming for 1 turns
 19162 | Abyss:3  | Reached skill level 15 in Stealth
 19190 | Abyss:3  | Paralysed by an air elemental for 1 turns
 19194 | Abyss:3  | Noticed a tentacled starspawn
 19194 | Abyss:3  | Paralysed by an air elemental for 1 turns
 19198 | Abyss:3  | Paralysed by an air elemental for 1 turns
 19204 | Abyss:3  | Noticed a balrug
 19231 | Abyss:3  | Noticed a rakshasa
 19244 | Abyss:3  | Noticed a kraken
 19247 | Orc:2    | Escaped the Abyss
 19545 | Orc:2    | Bought a ring of willpower for 375 gold pieces
 19596 | Orc:2    | Found an ancient bone altar of Kikubaaqudgha.
 19647 | Orc:2    | Found Saab's Book Shoppe.
 19655 | Orc:2    | Bought a book of the Earth for 648 gold pieces
 19667 | Orc:2    | Killed Erolcha
 19692 | Orc:2    | Found Muan's Antique Armour Emporium.
 19703 | Orc:2    | Found Bixtynne's Magic Scroll Emporium.
 19741 | Orc:2    | Bought a pair of embroidered gloves for 217 gold pieces
 19761 | Orc:2    | Bought a scroll of enchant weapon for 112 gold pieces
 19761 | Orc:2    | Bought a scroll of teleportation for 45 gold pieces
 19761 | Orc:2    | Bought a scroll of teleportation for 45 gold pieces
 20221 | Lair:3   | Reached XP level 14. HP: 106/126 MP: 18/20
 20304 | Lair:3   | Found a staircase to the Snake Pit.
 20350 | Lair:3   | Reached skill level 5 in Transmutations
 20640 | Snake:1  | Entered Level 1 of the Snake Pit
 20648 | Snake:1  | Reached ****** piety under Dithmenos
 20756 | Snake:1  | Noticed Nikola
 20795 | Snake:1  | HP: 4/189 [naga warrior/+0 halberd (17)]
 20795 | Snake:1  | HP: 1/189 [constriction (3)]
 20811 | Snake:1  | HP: 5/126 [poisoned by a naga (splash of poison)]
 21273 | Lair:3   | Noticed Amaemon
 21290 | Lair:4   | Learned a level 6 spell: Statue Form
 21378 | Lair:4   | Reached skill level 16 in Stealth
 21868 | Lair:4   | Noticed Kirke
 21882 | Lair:4   | Killed Kirke
 22299 | Lair:5   | Entered Level 5 of the Lair of Beasts
 22512 | Lair:5   | Found a staircase to the Slime Pits.
 23441 | Lair:5   | Reached skill level 17 in Stealth
 23553 | Lair:3   | Killed Amaemon
 23725 | Lair:3   | Found a staircase to the Shoals.
 23976 | Lair:3   | Reached XP level 15. HP: 134/134 MP: 21/21
 24538 | D:11     | Noticed Maurice
 24555 | D:11     | Killed Maurice
 24718 | D:11     | Killed Lodul
 25229 | D:12     | Killed HilariousDeathArtist's ghost
 25467 | D:13     | Found a gate to the Vaults.
 25539 | D:13     | Reached skill level 5 in Spellcasting
 26500 | D:14     | Reached skill level 10 in Earth Magic
 27277 | D:15     | Entered Level 15 of the Dungeon
 27514 | D:15     | Found a staircase to the Depths.
 27712 | D:15     | Found a basalt altar of Yredelemnul.
 27797 | D:15     | Mangled by a freezing wraith

Illustrated notes

Levels and vault maps discovered:
D:1:      minmay_arrival_four_circles, layout_rooms,
          hellmonk_ecumenical_altar_prayer_group
D:2:      layout_basic, basic_altar, uniq_crazy_yiuf_cottage
D:3:      layout_basic
D:4:      layout_rooms, grunt_temple_overflow_cloverleaf,
          nzn_wu_jian_contemplation, cheibrodos_sewer_entry_bend, serial_shops,
          shop, minmay_goblin_outpost, uniq_edmund
D:5:      layout_basic, kennysheep_mini, roderic_lattice_a, minmay_puff,
          uniq_prince_ribbit1, uniq_grinder, uniq_duvessa
D:6:      layout_cave_pods, nicolae_overflow_hidden_temple,
          minmay_temple_entry_statues_pillars, gup_ossuary_entry_pyramid
D:7:      layout_basic, serial_glass, glass_columns_b, glass_columns_b,
          uniq_menkaure, uniq_maggie
D:8:      layout_loops_cross, overflow_temple_1_default,
          nicolae_overflow_crystal_walls, serial_demonic, serial_demonic_f,
          serial_demonic_d, serial_demonic_b, serial_demonic_b,
          serial_demonic_d, hex_tiny, minmay_misc_feat_diagonals,
          minmay_misc_feat_more_columns, kennysheep_generic_room_11,
          uniq_gastronok
D:9:      layout_cave_pools, lair_entry_dummy
D:10:     layout_basic
D:11:     layout_irregular_city, serial_column_ruins,
          column_ruins_square_medium, column_ruins_hut, column_ruins_grid_1,
          column_ruins_grid_1, column_ruins_corridor_straight,
          column_ruins_columns_straight, column_ruins_grid_1, uniq_maurice,
          uniq_psyche, uniq_lodul, uniq_josephine
D:12:     layout_basic, david_orc_2, serial_shops,
          nicolae_shop_advertising_works [nicolae_subvault_shop_adworks],
          gammafunk_ghost_grave
D:13:     layout_loops_cross, erik_vaults_1
D:14:     layout_gridville
D:15:     grunt_enter_depths_hoard, layout_rooms,
          lemuel_zombie_altar_yredelemnul
Lair:1:   layout_regular_city, uniq_grum
Lair:2:   layout_regular_city
Lair:3:   layout_regular_city, shoals_dummy_entry,
          minmay_snake_entry_six_corridors, nicolae_quartered_pool_impasse,
          chequers_serial_rivers_large_b, beast_lair_carwin_5, uniq_amaemon,
          uniq_rupert
Lair:4:   layout_long_grid, grunt_forest_stairs_clearing, grunt_megastairs_2,
          uniq_kirke
Lair:5:   evil_forest, layout_hall_layers, slime_entry_1, serial_bayou_shore_b
Snake:1:  layout_onion_interference, drop_trap, nicolae_shop_dragon_depot,
          nrook_guardian_serpent_double, uniq_louise, uniq_nikola
Orc:1:    layout_diamond_mine, uniq_snorg
Orc:2:    kennysheep_orc_mage_school, layout_diamond_mine, serial_shops,
          nicolae_shop_hallway_stairs

Skill      XL: |  1  2  3  4  5  6  7  8  9 10 11 12 13 14 15 |
---------------+----------------------------------------------+-----
Transmutations | 2 3 4 7 9 |  9.0
Conjurations   | 1 2 3 5 |  5.0
Earth Magic    | 4 5 6 7 9 10 | 10.6
Stealth        | 4 5 7 9 11 12 13 15 17 | 17.9
Spellcasting   | 3 4 5 |  5.8
Short Blades   | 1 3 5 7 8 10 11 | 11.2
Fighting       | 1 3 4 5 7 8 9 |  9.1
Dodging        | 2 3 4 5 6 7 |  7.8
Armour         | 1 3 4 5 6 7 |  7.5
Invocations    | 3 5 6 7 |  7.0
Translocations | 1 4 |  4.0

Action                   |  1- 3 |  4- 6 |  7- 9 | 10-12 | 13-15 || total
-------------------------+-------+-------+-------+-------+-------++-------
Melee: Dagger            |     5 |     5 |   156 |   639 |   941 ||  1746
       Punch             |       |       |       |    10 |    19 ||    29
       Constrict         |       |       |       |       |   132 ||   132
 Cast: Sandblast         |    45 |    96 |    39 |       |       ||   180
       Passwall          |       |     2 |     6 |    13 |    22 ||    43
       Stone Arrow       |       |     1 |   106 |   216 |   260 ||   583
       Petrify           |       |       |       |     1 |       ||     1
       Blink             |       |       |       |       |     1 ||     1
       Statue Form       |       |       |       |       |     2 ||     2
  Use: Scroll            |     1 |     1 |    10 |     9 |    23 ||    44
       Potion            |       |       |     3 |     3 |     9 ||    15
 Stab: Sleeping          |     2 |     4 |     5 |    70 |    73 ||   154
       Invisible         |       |       |       |     2 |       ||     2
       Distracted        |       |       |       |     1 |     7 ||     8
Armor: Robe              |     5 |    42 |   148 |    40 |       ||   235
       Acid dragon scale |       |       |       |   272 |   454 ||   726
       Skin              |       |       |       |       |    43 ||    43
Dodge: Dodged            |    12 |    44 |   115 |   252 |   433 ||   856
Block: Other             |       |       |    33 |    86 |   140 ||   259

Table legend: (Time is in decaauts)
 A = Elapsed time spent in this place.
 B = Non-inter-level travel time spent in this place.
 C = Inter-level travel time spent in this place.
 D = Time resting spent in this place.
 E = Time spent auto-exploring this place.
 F = Levels seen in this place.
 G = Mean time per level.
                   A        B        C        D        E       F      G
               +--------+--------+--------+--------+--------+-----+--------+
         Total |  33880 |  29909 |   3971 |   5427 |  17578 |  26 | 1303.1 |
       Dungeon |  22016 |  19088 |   2928 |   2915 |  12201 |  15 | 1467.7 |
          Lair |   8598 |   7888 |    710 |   2005 |   4052 |   5 | 1719.6 |
     Snake Pit |    179 |    179 |      0 |      0 |     69 |   1 |  179.0 |
  Orcish Mines |   2396 |   2063 |    333 |    445 |   1101 |   2 | 1198.0 |
         Abyss |    376 |    376 |      0 |     60 |      0 |   2 |  188.0 |
       Ossuary |    313 |    313 |      0 |      0 |    153 |   1 |  313.0 |
               +--------+--------+--------+--------+--------+-----+--------+

Top non-repeatable levels by time:
     D:8: 2993 daAuts
     D:7: 2401 daAuts
  Lair:2: 2173 daAuts
    D:12: 2127 daAuts
  Lair:3: 1986 daAuts
  Lair:4: 1924 daAuts
   Orc:2: 1919 daAuts
  Lair:1: 1868 daAuts
    D:11: 1686 daAuts
     D:5: 1497 daAuts
     D:6: 1414 daAuts
     D:4: 1384 daAuts
    D:14: 1378 daAuts
     D:3: 1377 daAuts
    D:10: 1313 daAuts
